 Dungeon Crawl Stone Soup version 0.22-a0-533-g4d20840 (webtiles) character file.

205 Azzok the Firebug (level 5, -2/28 HPs)
             Began as a Deep Elf Fire Elementalist on June 22, 2018.
             Killed from afar by an orc wizard (8 damage)
             ... with a puff of frost
             ... on level 7 of the Dungeon.
             The game lasted 00:05:12 (3541 turns).

Azzok the Firebug (Deep Elf Fire Elementalist)      Turns: 3541, Time: 00:05:13

Health: -2/28      AC:  3    Str:  8    XL:     5   Next: 53%
Magic:  9/11       EV: 13    Int: 21    God:
Gold:   158        SH:  0    Dex: 15    Spells: 6/10 levels left

rFire    + . .     SeeInvis .   (no weapon)
rCold    . . .     Gourm    .   (no shield)
rNeg     . . .     Faith    .   a - +0 robe
rPois    .         Spirit   .   (no helmet)
rElec    .         Reflect  .   (no cloak)
rCorr    .         Harm     .   (no gloves)
MR       .....                  p - +0 pair of boots
Stlth    ++........             (no amulet)
HPRegen  0.09/turn              m - ring of protection from fire
MPRegen  0.12/turn              s - +3 ring of strength

@: no status effects
A: no striking features
a: no special abilities


You were on level 7 of the Dungeon.
You were not hungry.

You visited 1 branch of the dungeon, and saw 5 of its levels.

You collected 158 gold pieces.

Inventory:

Armour
 a - a +0 robe (worn)
 p - a +0 pair of boots (worn)
Jewellery
 m - a ring of protection from fire (left hand)
 s - a +3 ring of strength (right hand)
Scrolls
 d - 3 scrolls of identify {unknown}
 f - 2 scrolls of remove curse {unknown}
 i - 3 scrolls of amnesia {unknown}
 j - 2 scrolls of magic mapping {unknown}
 k - 4 scrolls of teleportation {unknown}
 r - a scroll of enchant weapon {unknown}
 t - a scroll of fog {unknown}
 u - a scroll of immolation {unknown}
Potions
 b - 3 potions of haste {unknown}
 e - a potion of ambrosia {unknown}
 h - a potion of resistance {unknown}
 l - 3 potions of curing {unknown}
 n - a potion of flight {unknown}
 o - a potion of invisibility {unknown}
 q - 2 potions of degeneration {unknown}
Comestibles
 c - 7 rations


   Skills:
 - Level 2.4 Dodging
 - Level 2.4 Stealth
 - Level 3.0 Spellcasting
 + Level 4.3 Conjurations
 + Level 5.4 Fire Magic


You had 6 spell levels left.
You knew the following spells:

 Your Spells              Type           Power        Failure   Level  Hunger
a - Flame Tongue          Conj/Fire      ###..        1%          1    None
b - Conjure Flame         Conj/Fire      ###.....     5%          3    ###....

Your spell library contained the following spells:

 Spells                   Type           Power        Failure   Level  Hunger
 Fireball                 Conj/Fire      ###.......   45%         5    ######.
 Throw Flame              Conj/Fire      ###...       2%          2    ##.....
 Sticky Flame             Conj/Fire      ###.....     19%         4    ####...
 Inner Flame              Hex/Fire       ##......     13%         3    ###....


Dungeon Overview and Level Annotations

Branches:
Dungeon (4/15)
 Temple: D:4-7

Altars:
Lugonu

Portals:
Abyss: D:1


Message History

Found a stone staircase leading up.
A sky beast comes into view.
A leopard gecko comes into view.
A quokka skeleton comes into view.
The sky beast flickers out of sight!
Deactivating autopickup; reactivate with Ctrl-A.
The leopard gecko moves out of view.
An orc wizard comes into view. It is wielding a dagger.
A sky beast appears from thin air!
Reactivating autopickup.
The sky beast closely misses you.
The orc wizard gestures at you while chanting.
The puff of frost misses you.
The howler monkey hoots and howls with incredible vigour!
You hear a shout! x4
The sky beast hits you. The sky beast shocks you.
The quokka skeleton bites you.
* * * LOW HITPOINT WARNING * * *
The orc wizard points at you and mumbles some strange words.
The puff of frost hits you!
You die...

··▒▒▒····▒
▒···>····▒▒▒▒▒▒▒▒▒
·········(·hhch··▒
▒▒▒▒·····▒▒▒▒▒▒▒·▒
▒·····▒ ▒·▒
▒·····▒ ▒·▒
▒··▒▒▒▒▒▒▒▒▒▒·▒
········Y····h·▒
▒▒·▒▒▒▒··@▒▒▒▒▒·▒
▒· ▒▒Z·▒ ▒···
··o·· ······
[·▒▒▒▒▒· ··^·····
··· ·· ▒▒▒····▒ ▒▒
·· ··▒▒▒ ··· ···
···


You could see a sky beast, a howler monkey, an orc wizard and a quokka skeleton.

Vanquished Creatures
  An ogre (D:2)
  A hound skeleton (D:4)
  3 adders
  2 oozes
  A worm (D:2)
  2 leopard geckos
  2 orcs (D:3)
  A ball python (D:3)
  3 giant cockroaches
  11 goblins
  6 hobgoblins
  4 jackals (D:4)
  2 quokkas
  8 bats
  3 frilled lizards (D:2)
  9 kobolds
  5 rats
64 creatures vanquished.

Notes
Turn   | Place    | Note
-------+----------+-------------------------------------------
     0 | D:1      | Azzok the Deep Elf Fire Elementalist began the quest for the Orb.
     0 | D:1      | Reached XP level 1. HP: 10/10 MP: 6/6
   105 | D:1      | Noticed an iron imp
   105 | D:1      | Noticed a demonic crawler
   107 | D:1      | Noticed a quasit
   108 | D:1      | Found a corrupted altar of Lugonu.
   108 | D:1      | Noticed a quasit
   109 | D:1      | Found a one-way gate to the infinite horrors of the Abyss.
   109 | D:1      | Noticed an iron imp
   110 | D:1      | Noticed a quasit
   112 | D:1      | Noticed an iron imp
   113 | D:1      | Noticed a quasit
   124 | D:1      | Noticed an iron imp
   260 | D:1      | Reached XP level 2. HP: 15/15 MP: 4/8
  1189 | D:2      | Reached skill level 4 in Fire Magic
  1189 | D:2      | Reached XP level 3. HP: 17/19 MP: 2/9
  1350 | D:2      | Noticed an ogre
  1367 | D:2      | Learned a level 3 spell: Conjure Flame
  1392 | D:2      | Killed an ogre
  1392 | D:2      | Reached XP level 4. HP: 24/24 MP: 0/10
  1669 | D:2      | Reached skill level 5 in Fire Magic
  1678 | D:2      | Reached XP level 5. HP: 23/28 MP: 2/11
  2658 | D:3      | Found a faded altar of an unknown god.
  3522 | D:4      | You fall through a shaft for 3 floors!
  3522 | D:7      | Noticed a centaur
  3537 | D:7      | Noticed a sky beast
  3541 | D:7      | Killed from afar by an orc wizard

Vault maps used:
D:1:      erik_arrival_cave_to_civilisation, serial_bayou, serial_bayou_pond_e,
          serial_bayou_pond_e, serial_bayou_lagoon_a, serial_bayou_pond_a
D:2:      serial_curves, eino_curves_01, eino_curves_03
D:3:      chequers_ecumenical_altar_simple
D:4:      lemuel_doored_altar, first_ration, minmay_mini_jars, uniq_edmund
D:7:      minmay_flawed_box, grunt_ogre_cave

Skill      XL: |  1  2  3  4  5 |
---------------+----------------+-----
Conjurations   | 2 3 4 |  4.3
Fire Magic     | 4 5 |  5.4
Dodging        | |  2.4
Stealth        | |  2.4
Spellcasting   | |  3.0

Action                   |  1- 3 |  4- 6 || total
-------------------------+-------+-------++-------
Melee: Unarmed           |     1 |       ||     1
 Cast: Flame Tongue      |    50 |    71 ||   121
       Conjure Flame     |     1 |     1 ||     2
  Eat: Chunk             |     1 |     7 ||     8
Armor: Robe              |     2 |     3 ||     5
Dodge: Dodged            |    19 |    15 ||    34

Table legend:
 A = Spawn XP
 B = Non-spawn XP
 C = Spawn XP percentage of total XP
 D = Spawn monster count
 E = Non-spawn monster count
 F = Spawn count percentage of total count
 G = Total turns spent on level
                    A         B        C        D         E        F      G
               +---------+---------+-------+---------+---------+-------+---------
         Total |       0 |     294 |   0.0 |       0 |      64 |   0.0 |  3541
               +---------+---------+-------+---------+---------+-------+---------
           D:1 |       0 |      32 |   0.0 |       0 |      17 |   0.0 |  1183
           D:2 |       0 |     195 |   0.0 |       0 |      30 |   0.0 |  1048
           D:3 |       0 |      39 |   0.0 |       0 |      11 |   0.0 |   936
           D:4 |       0 |      28 |   0.0 |       0 |       6 |   0.0 |   355
               +---------+---------+-------+---------+---------+-------+---------
